 Dungeon Crawl Stone Soup version 0.21-a0-329-g12f17e1 (webtiles) character file.

135 vishdafish the Poker (level 4, 0/33 HPs)
             Began as a Demonspawn Skald on Oct 1, 2017.
             Slain by an orc
             ... wielding a +0 short sword
              (6 damage)
             ... on level 2 of the Dungeon.
             The game lasted 00:03:05 (1854 turns).

vishdafish the Poker (Demonspawn Skald)             Turns: 1854, Time: 00:03:05

Health: 0/33       AC:  8    Str: 12    XL:     4   Next: 97%
Magic:  0/7        EV: 11    Int: 15    God:
Gold:   92         SH:  0    Dex: 12    Spells: 6/7 levels left

rFire    . . .     SeeInvis .   i - +1 spear (freeze)
rCold    + . .     Gourm    .   (no shield)
rNeg     . . .     Faith    .   b - +0 leather armour
rPois    .         Spirit   +   (helmet restricted)
rElec    .         Reflect  .   (no cloak)
rCorr    .         Harm     .   (no gloves)
MR       .....                  (no boots)
Stlth    +.........             (no amulet)
HPRegen  0.11/turn              e - ring of protection from cold
MPRegen  0.10/turn              t - +5 ring of protection

@: infused, drained
A: horns 1, magic shield
a: no special abilities


You were on level 2 of the Dungeon.
You were not hungry.

You visited 1 branch of the dungeon, and saw 3 of its levels.

You collected 92 gold pieces.

Inventory:

Hand Weapons
 a - a +0 spear
 i - a +1 spear of freezing (weapon)
Armour
 b - a +0 leather armour (worn)
Jewellery
 e - a ring of protection from cold (left hand)
 g - an uncursed ring of protection from fire
 m - an uncursed ring of fire
 t - a +5 ring of protection (right hand)
Scrolls
 j - 2 scrolls of amnesia {unknown}
 k - 2 scrolls of enchant armour {unknown}
 n - 2 scrolls of immolation {unknown}
 p - a scroll of identify {unknown}
 s - a scroll of fear {unknown}
Potions
 f - 2 potions of mutation {unknown}
 h - 3 potions of curing {unknown}
 o - 2 potions of berserk rage {unknown}
 r - a potion of invisibility {unknown}
Books
 c - a book of Battle

   Spells                             Type                      Level
   a - Infusion                       Charms                       1
   b - Shroud of Golubria             Charms/Translocation         2
   c - Song of Slaying                Charms                       2
   d - Spectral Weapon                Hexes/Charms                 3
   e - Regeneration                   Charms/Necromancy            3
Comestibles
 d - 5 bread rations
 l - a meat ration
 q - a royal jelly


   Skills:
 - Level 2.0(1.5) Fighting
 * Level 3.7(3.3) Polearms
 + Level 2.3(1.8) Armour
 - Level 2.0(1.5) Dodging
 - Level 2.0(1.6) Spellcasting
 - Level 3.0(2.6) Charms


You had 6 spell levels left.
You knew the following spells:

 Your Spells              Type           Power        Failure   Level  Hunger
a - Infusion              Chrm           #...         10%         1    ##.....


Dungeon Overview and Level Annotations

Branches:
Dungeon (3/15)

Altars:


Innate Abilities, Weirdness & Mutations

You have a pair of small horns on your head.
When hurt, damage is shared between your health and your magic reserves.


Message History

The kobold barely misses you. The orc barely misses you.
The orc hits you but does no damage.
You climb upwards.
There is a stone staircase leading down here.
Casting: Infusion
Confirm with . or Enter, or press ? or * to list all spells.
You begin infusing your attacks with magical energy.
The kobold barely misses you. The orc hits you but does no damage.
You hit the kobold. You freeze the kobold.
You kill the kobold!
The orc hits you but does no damage.
You hit the orc. You freeze the orc.
The orc is almost dead.
The orc hits you with a short sword!
* * * LOW HITPOINT WARNING * * *
The orc hits you but does no damage.
You hit the orc but do no damage.
The orc is almost dead.
The orc hits you with a short sword.
You die...

###.####.......#.........# #.#
#.......###.####### #.# #.......#
#.## #.# #.......# #..# #.#
#.......# ##.# #.# ##.......##
#.# ###.###.†.......# #.#
#.......#######o# #.# #.#.###.#
#@# #.# #.#.###.# #o# #.# #
#.#.....# #.# #.# # #.##.##.# #.#
#.##### #### ##.##.##(#
#.###.#...## ##.##
.....#...#######......###.###....
#.#.###..........###.## ##.###.##
#.##.#(###.......# #.# #.....##
.....(## ###.##### #.## ##...####


You could see 2 orcs.

Vanquished Creatures
  An orc priest (D:3)
  Natasha (D:3)
  2 adders (D:2)
  2 worms (D:2)
  2 leopard geckos (D:3)
  6 orcs
  3 giant cockroaches (D:2)
  3 hobgoblins
  2 jackals (D:2)
  3 kobolds
  4 quokkas
  A ball python (D:3)
  8 bats
  5 frilled lizards
  4 goblins
  5 rats
52 creatures vanquished.

Notes
Turn   | Place    | Note
-------+----------+-------------------------------------------
     0 | D:1      | vishdafish the Demonspawn Skald began the quest for the Orb.
     0 | D:1      | Reached XP level 1. HP: 16/16 MP: 3/3
   283 | D:1      | Reached skill level 1 in Armour
   465 | D:2      | Gained mutation: You have a pair of small horns on your head. [demonic ancestry]
   465 | D:2      | Reached XP level 2. HP: 12/22 MP: 0/5
   848 | D:2      | Reached XP level 3. HP: 20/27 MP: 2/6
  1439 | D:3      | Noticed Natasha
  1451 | D:3      | Killed Natasha
  1451 | D:3      | Gained mutation: When hurt, damage is shared between your health and your magic reserves. [demonic ancestry]
  1451 | D:3      | Reached XP level 4. HP: 13/33 MP: 1/7
  1854 | D:2      | Slain by an orc

Vault maps used:
D:1:      scummos_arrival_checkerplants
D:3:      elyvilon_altar_1, uniq_natasha

Skill      XL: |  1  2  3  4 |
---------------+-------------+-----
Armour         | 1 2 |  2.3
Polearms       | 2 3 |  3.7
Dodging        | 2 |  2.0
Charms         | 3 |  3.0
Fighting       | |  2.0
Spellcasting   | |  2.0

Action                   |  1- 3 |  4- 6 || total
-------------------------+-------+-------++-------
Melee: Spear             |    92 |    57 ||   149
       Headbutt          |     2 |     3 ||     5
 Cast: Infusion          |    10 |     3 ||    13
  Eat: Chunk             |     1 |       ||     1
       Royal jelly       |       |     1 ||     1
Armor: Leather armour    |    16 |    24 ||    40
Dodge: Dodged            |    36 |    26 ||    62

Table legend:
 A = Spawn XP
 B = Non-spawn XP
 C = Spawn XP percentage of total XP
 D = Spawn monster count
 E = Non-spawn monster count
 F = Spawn count percentage of total count
 G = Total turns spent on level
                    A         B        C        D         E        F      G
               +---------+---------+-------+---------+---------+-------+---------
         Total |       0 |     194 |   0.0 |       0 |      52 |   0.0 |  1854
               +---------+---------+-------+---------+---------+-------+---------
           D:1 |       0 |       8 |   0.0 |       0 |       7 |   0.0 |   580
           D:2 |       0 |      72 |   0.0 |       0 |      25 |   0.0 |  1094
           D:3 |       0 |     114 |   0.0 |       0 |      20 |   0.0 |   180
               +---------+---------+-------+---------+---------+-------+---------
